NCAA
AUBURN TIGERS @ UCLA BRUINS
05/10/2024
 
TOP OF THE 1ST
Auburn Tigers batting - Pitching for UCLA Bruins : LHP Peter Taylor
Pitching: LHP Peter Taylor
Batting: RHB John Zimmerman 0-0: Ball
1-0: Ball
2-0: Ball
3-0: Called Strike
3-1: Foul Ball, location: 2F
3-2: SINGLE (Groundball, 6MD)
Batting: RHB Artie Frye 0-0: Ball
1-0: Ball
2-0: Swinging Strike
2-1: Called Strike
2-2: SINGLE (Flyball, 78S)
John Zimmerman to second
Batting: RHB Jeff Jones 0-0: Ball
1-0: Ball
2-0: Ball
3-0: Base on Balls
John Zimmerman to third
Artie Frye to second
Batting: LHB Edison Snyder 0-0: Ball
1-0: Called Strike
1-1: Ball
2-1: Foul Ball, location: 2F
2-2: Foul Ball, location: 2F
2-2: Foul Ball, location: 2F
2-2: Fly out, F7 (Flyball, 7M)
Runner from 3rd tags up, SCORES, no throw
Batting: RHB Doyle O'Dell 0-0: Ball
1-0: Called Strike
1-1: Ball
2-1: Ball
3-1: Base on Balls
Artie Frye to third
Jeff Jones to second
Batting: SHB Tim Campbell 0-0: Ball
1-0: Grounds into double play, 5-4-3 (Groundball, 56)
Top of the 1st over - 1 run(s), 2 hit(s), 0 error(s), 2 left on base; Auburn 1 - UCLA 0
BOTTOM OF THE 1ST
UCLA Bruins batting - Pitching for Auburn Tigers : LHP Gerard Miller
Pitching: LHP Gerard Miller
Batting: LHB Pedro Ramos 0-0: Foul Ball, location: 2F
0-1: Ball
1-1: Foul Ball, location: 2F
1-2: Ball
2-2: Foul Ball, location: 2F
2-2: Ball
3-2: Strikes out swinging
Batting: RHB Roberto Rodríguez 0-0: Called Strike
0-1: Called Strike
0-2: Fly out, F4 (Popup, 34D)
Batting: RHB Dean Bailey 0-0: Ball
1-0: Foul Ball, location: 2F
1-1: Called Strike
1-2: Ball
2-2: Foul Ball, location: 2F
2-2: Ground out 5-3 (Groundball, 5)
Bottom of the 1st over - 0 run(s), 0 hit(s), 0 error(s), 0 left on base; Auburn 1 - UCLA 0
TOP OF THE 2ND
Auburn Tigers batting - Pitching for UCLA Bruins : LHP Peter Taylor
Batting: RHB António Martínez 0-0: Ball
1-0: Called Strike
1-1: Ball
2-1: DOUBLE (Line Drive, 78M)
Batting: RHB Ángelo Young 0-0: Called Strike
0-1: Swinging Strike
0-2: Ball
1-2: Foul Ball, location: 2F
1-2: Foul Ball, location: 2F
1-2: Ball
2-2: Ground out 6-3 (Groundball, 6M)
António Martínez to third
Batting: RHB Jody Díaz 0-0: Fly out, F4 (Popup, 4D)
Batting: RHB John Zimmerman 0-0: Ball
1-0: Ball
2-0: Ball
3-0: Called Strike
3-1: Ground out 5-3 (Groundball, 5)
Top of the 2nd over - 0 run(s), 1 hit(s), 0 error(s), 1 left on base; Auburn 1 - UCLA 0
BOTTOM OF THE 2ND
UCLA Bruins batting - Pitching for Auburn Tigers : LHP Gerard Miller
Batting: LHB Brian Bauer 0-0: Swinging Strike
0-1: SINGLE (Groundball, 56D)
Batting: RHB Bill Powell 0-0: Ball
Brian Bauer is caught stealing 2nd base
1-0: Foul Ball, location: 2F
1-1: Ground out 1-3 (Groundball, 13)
Batting: RHB Doug Lutz 0-0: Swinging Strike
0-1: Foul Ball, location: 2F
0-2: Fly out, F8 (Flyball, 8LM)
Bottom of the 2nd over - 0 run(s), 1 hit(s), 0 error(s), 0 left on base; Auburn 1 - UCLA 0
TOP OF THE 3RD
Auburn Tigers batting - Pitching for UCLA Bruins : LHP Peter Taylor
Batting: RHB Artie Frye 0-0: SINGLE (Line Drive, 4MD)
Batting: RHB Jeff Jones 0-0: Called Strike
0-1: Foul Ball, location: 2F
0-2: Ball
1-2: Foul Ball, location: 2F
1-2: Ball
2-2: Ball
3-2: Reached on error, E4 (Groundball, 4)
Artie Frye to second
Batting: LHB Edison Snyder 0-0: Foul Ball, location: 2F
0-1: Foul Ball, location: 2F
0-2: Foul Ball, location: 2F
0-2: Strikes out looking
Batting: RHB Doyle O'Dell 0-0: Ball
1-0: 3-RUN HOME RUN (Flyball, 9D), Distance : 359 ft
Batting: SHB Tim Campbell 0-0: Ball
1-0: Ball
2-0: Ball
3-0: Called Strike
3-1: Base on Balls
Batting: RHB António Martínez 0-0: Ball
1-0: Fly out, F7 (Flyball, 7M)
Batting: RHB Ángelo Young 0-0: Ball
1-0: Swinging Strike
1-1: Foul Ball, location: 2F
1-2: Foul Ball, location: 2F
1-2: Ball
2-2: Foul Ball, location: 2F
2-2: Strikes out swinging
Top of the 3rd over - 3 run(s), 2 hit(s), 1 error(s), 1 left on base; Auburn 4 - UCLA 0
BOTTOM OF THE 3RD
UCLA Bruins batting - Pitching for Auburn Tigers : LHP Gerard Miller
Batting: LHB Scott Young 0-0: Called Strike
0-1: Ball
1-1: Swinging Strike
1-2: Fly out, F8 (Flyball, 8LM)
Batting: LHB Harvey Moore 0-0: Ball
1-0: Ball
2-0: Ball
3-0: Base on Balls
Batting: RHB Wilson Metherall 0-0: Called Strike
0-1: Ball
1-1: Ball
2-1: Foul Ball, location: 2F
2-2: Foul Ball, location: 2F
2-2: Foul Ball, location: 2F
2-2: Foul Ball, location: 2F
2-2: Strikes out swinging
Batting: LHB Pedro Ramos 0-0: Called Strike
0-1: Foul Ball, location: 2F
0-2: Ball
1-2: Ball
2-2: Ground out 4-3 (Groundball, 4)
Bottom of the 3rd over - 0 run(s), 0 hit(s), 0 error(s), 1 left on base; Auburn 4 - UCLA 0
TOP OF THE 4TH
Auburn Tigers batting - Pitching for UCLA Bruins : LHP Peter Taylor
Batting: RHB Jody Díaz 0-0: Ball
1-0: Reached on error, E4 (Groundball, 4)
Batting: RHB John Zimmerman 0-0: Ball
1-0: Called Strike
1-1: Foul Ball, location: 2F
1-2: 2-RUN HOME RUN (Line Drive, 7D), Distance : 351 ft
Pitching: RHP Bo Wagner
Batting: RHB Artie Frye 0-0: Called Strike
0-1: Ball
1-1: Ball
2-1: Foul Ball, location: 2F
2-2: Foul Ball, location: 2F
2-2: Ball
3-2: Strikes out swinging
Batting: RHB Jeff Jones 0-0: Ball
1-0: Called Strike
1-1: Ball
2-1: Called Strike
2-2: Ground out 6-3 (Groundball, 6)
Batting: LHB Edison Snyder 0-0: Ball
1-0: Fly out, F2 (Popup, 2LF)
Top of the 4th over - 2 run(s), 1 hit(s), 1 error(s), 0 left on base; Auburn 6 - UCLA 0
BOTTOM OF THE 4TH
UCLA Bruins batting - Pitching for Auburn Tigers : LHP Gerard Miller
Batting: RHB Roberto Rodríguez 0-0: Foul Ball, location: 2F
0-1: Swinging Strike
0-2: Ball
1-2: Ball
2-2: Foul Ball, location: 2F
2-2: Strikes out swinging
Batting: RHB Dean Bailey 0-0: Swinging Strike
0-1: Ball
1-1: Ball
2-1: Ground out 6-3 (Groundball, 6)
Batting: LHB Brian Bauer 0-0: Ball
1-0: Fly out, F9 (Flyball, 89M)
Bottom of the 4th over - 0 run(s), 0 hit(s), 0 error(s), 0 left on base; Auburn 6 - UCLA 0
TOP OF THE 5TH
Auburn Tigers batting - Pitching for UCLA Bruins : RHP Bo Wagner
Batting: RHB Doyle O'Dell 0-0: Foul Ball, location: 2F
0-1: Ball
1-1: Ball
2-1: DOUBLE (Line Drive, 3D)
Batting: SHB Tim Campbell 0-0: Called Strike
0-1: Ball
1-1: Ball
2-1: Foul Ball, location: 2F
2-2: Strikes out swinging
Batting: RHB António Martínez 0-0: Ball
1-0: Swinging Strike
1-1: Foul Ball, location: 2F
1-2: Ball
2-2: Reached on Error, E7 (Flyball, 78M)
Doyle O'Dell to third
Batting: RHB Ángelo Young 0-0: Ball
António Martínez is caught stealing 2nd base
1-0: Swinging Strike
1-1: Ball
2-1: Swinging Strike
2-2: Ball
3-2: Strikes out looking
Top of the 5th over - 0 run(s), 1 hit(s), 1 error(s), 1 left on base; Auburn 6 - UCLA 0
BOTTOM OF THE 5TH
UCLA Bruins batting - Pitching for Auburn Tigers : LHP Gerard Miller
Batting: RHB Bill Powell 0-0: Foul Ball, location: 2F
0-1: Ball
1-1: Ground out 1-3 (Groundball, 13S)
Batting: RHB Doug Lutz 0-0: Called Strike
0-1: Ball
1-1: Foul Ball, location: 2F
1-2: Ball
2-2: Ball
3-2: Base on Balls
Batting: LHB Scott Young 0-0: Called Strike
0-1: Ball
1-1: Foul Ball, location: 2F
1-2: Ball
2-2: Ball
3-2: Foul Ball, location: 2F
3-2: SINGLE (Groundball, 3D)
Doug Lutz to second
Runner from 2nd tries for 3rd, SAFE, no throw or cutoff
Batting: LHB Harvey Moore 0-0: Ball
1-0: Ball
2-0: SINGLE (Line Drive, 34)
Doug Lutz scores
Scott Young to second
Runner from 2nd tries for 3rd, SAFE, throw made to third
Batting: RHB Wilson Metherall 0-0: Called Strike
0-1: Swinging Strike
0-2: Ground out 4-3 (Groundball, 4M)
Scott Young scores
Harvey Moore to second
Batting: LHB Pedro Ramos 0-0: Ball
1-0: Swinging Strike
1-1: Called Strike
1-2: Foul Ball, location: 2F
1-2: Ball
2-2: Foul Ball, location: 2F
2-2: Ball
3-2: Ground out 6-3 (Groundball, 6M)
Bottom of the 5th over - 2 run(s), 2 hit(s), 0 error(s), 1 left on base; Auburn 6 - UCLA 2
TOP OF THE 6TH
Auburn Tigers batting - Pitching for UCLA Bruins : RHP Bo Wagner
Batting: RHB Jody Díaz 0-0: Called Strike
0-1: SINGLE (Flyball, 8RS)
Batting: RHB John Zimmerman 0-0: Ball
1-0: Ball
2-0: Foul Ball, location: 2F
2-1: Foul Ball, location: 2F
2-2: Fielders Choice at 2nd, 1-6 (Groundball, 25)
Batting: RHB Artie Frye 0-0: Ball
1-0: Swinging Strike
1-1: Ball
2-1: Fly out, F9 (Flyball, 9M)
Batting: RHB Jeff Jones 0-0: Ball
1-0: 2-RUN HOME RUN (Flyball, 7LD), Distance : 337 ft
Batting: LHB Edison Snyder 0-0: Called Strike
0-1: Fly out, F7 (Line Drive, 7S)
Top of the 6th over - 2 run(s), 2 hit(s), 0 error(s), 0 left on base; Auburn 8 - UCLA 2
BOTTOM OF THE 6TH
UCLA Bruins batting - Pitching for Auburn Tigers : LHP Gerard Miller
Pitching: RHP Eddy Jackson
Batting: RHB Roberto Rodríguez 0-0: SOLO HOME RUN (Flyball, 89XD), Distance : 383 ft
Batting: RHB Dean Bailey 0-0: DOUBLE (Groundball, 3D)
Batting: LHB Brian Bauer 0-0: Ball
1-0: Ball
2-0: Called Strike
2-1: Foul Ball, location: 2F
2-2: Ground out 4-3 (Groundball, 34)
Dean Bailey to third
Batting: RHB Bill Powell 0-0: Ball
1-0: Ground out 6-3 (Groundball, 6)
Dean Bailey scores
Batting: RHB Doug Lutz 0-0: Ball
1-0: Ground out 4-3 (Groundball, 4)
Bottom of the 6th over - 2 run(s), 2 hit(s), 0 error(s), 0 left on base; Auburn 8 - UCLA 4
TOP OF THE 7TH
Auburn Tigers batting - Pitching for UCLA Bruins : RHP Bo Wagner
Pitching: LHP Shawn Gardner
Batting: RHB Doyle O'Dell 0-0: Ball
1-0: Ball
2-0: Called Strike
2-1: Ball
3-1: Called Strike
3-2: Base on Balls
Batting: SHB Tim Campbell 0-0: Called Strike
0-1: Called Strike
0-2: Ball
1-2: Strikes out looking
Batting: RHB António Martínez 0-0: 2-RUN HOME RUN (Flyball, 7D), Distance : 348 ft
Batting: RHB Ángelo Young 0-0: Ball
1-0: Ball
2-0: Ball
3-0: Base on Balls
Batting: RHB Jody Díaz 0-0: SINGLE (Line Drive, 7S)
Ángelo Young to second
Batting: RHB John Zimmerman 0-0: Swinging Strike
0-1: Ball
1-1: Called Strike
1-2: Strikes out looking
Batting: RHB Artie Frye 0-0: Called Strike
0-1: Ball
1-1: Ball
2-1: Ground out 2-3 (Groundball, 23)
Top of the 7th over - 2 run(s), 2 hit(s), 0 error(s), 2 left on base; Auburn 10 - UCLA 4
BOTTOM OF THE 7TH
UCLA Bruins batting - Pitching for Auburn Tigers : RHP Eddy Jackson
Batting: LHB Scott Young 0-0: Ball
1-0: Foul Ball, location: 2F
1-1: Fly out, F7 (Flyball, 7M)
Batting: LHB Harvey Moore 0-0: Ball
1-0: Ball
2-0: Foul Ball, location: 2F
2-1: DOUBLE (Line Drive, 9LS)
Batting: RHB Wilson Metherall 0-0: Called Strike
0-1: Ground out 5-3 (Groundball, 5S)
Harvey Moore to third
Batting: LHB Pedro Ramos 0-0: Called Strike
0-1: Called Strike
0-2: Foul Ball, location: 2F
0-2: Strikes out swinging
Bottom of the 7th over - 0 run(s), 1 hit(s), 0 error(s), 1 left on base; Auburn 10 - UCLA 4
TOP OF THE 8TH
Auburn Tigers batting - Pitching for UCLA Bruins : LHP Shawn Gardner
Batting: RHB Jeff Jones 0-0: Ball
1-0: Ball
2-0: Ball
3-0: Base on Balls
Batting: LHB Edison Snyder 0-0: Ball
1-0: Ball
2-0: Called Strike
2-1: Ball
3-1: Fielders Choice at 2nd, 3-6 (Groundball, 3)
Batting: RHB Doyle O'Dell Pickoff Throw to First - Out!
0-0: Called Strike
0-1: Ball
1-1: Ball
2-1: Foul Ball, location: 2F
2-2: Ball
3-2: Base on Balls
Batting: SHB Tim Campbell 0-0: Called Strike
0-1: Ball
1-1: Swinging Strike
1-2: Ball
2-2: Ball
3-2: Foul Ball, location: 2F
3-2: Strikes out swinging
Top of the 8th over - 0 run(s), 0 hit(s), 0 error(s), 1 left on base; Auburn 10 - UCLA 4
BOTTOM OF THE 8TH
UCLA Bruins batting - Pitching for Auburn Tigers : RHP Eddy Jackson
Pitching: RHP Anthony Larson
Batting: RHB Roberto Rodríguez 0-0: Called Strike
0-1: Swinging Strike
0-2: Ball
1-2: Strikes out swinging
Batting: RHB Dean Bailey 0-0: SINGLE (Line Drive, 56)
Batting: LHB Brian Bauer 0-0: Ball
1-0: Foul Ball, location: 2F
1-1: Fly out, F7 (Flyball, 78M)
Batting: RHB Bill Powell 0-0: Ball
1-0: Ball
2-0: Called Strike
2-1: Called Strike
2-2: Strikes out swinging
Bottom of the 8th over - 0 run(s), 1 hit(s), 0 error(s), 1 left on base; Auburn 10 - UCLA 4
TOP OF THE 9TH
Auburn Tigers batting - Pitching for UCLA Bruins : LHP Shawn Gardner
Pitching: RHP Salvador De Jesús
Batting: RHB António Martínez 0-0: Called Strike
0-1: Ball
1-1: Ball
2-1: Ground out 3-1 (Groundball, 34S)
Batting: RHB Ángelo Young 0-0: Ball
1-0: Ball
2-0: DOUBLE (Line Drive, 7LM)
Batting: RHB Jody Díaz 0-0: Called Strike
0-1: Ball
1-1: Ground out 5-3 (Groundball, 5)
Batting: RHB John Zimmerman 0-0: Ball
1-0: Called Strike
1-1: Called Strike
1-2: Ground out 6-3 (Groundball, 6)
Top of the 9th over - 0 run(s), 1 hit(s), 0 error(s), 1 left on base; Auburn 10 - UCLA 4
BOTTOM OF THE 9TH
UCLA Bruins batting - Pitching for Auburn Tigers : RHP Anthony Larson
Now in CF: Curt Carey
Batting: RHB Doug Lutz 0-0: Called Strike
0-1: Ball
1-1: Ball
2-1: Foul Ball, location: 2F
2-2: Strikes out swinging
Batting: LHB Scott Young 0-0: Ball
1-0: Ball
2-0: Called Strike
2-1: Ball
3-1: Base on Balls
Batting: LHB Harvey Moore 0-0: Reached on error, E3 (Groundball, 3)
Scott Young to second
Batting: RHB Wilson Metherall 0-0: Ball
1-0: SINGLE (Flyball, 89S)
Scott Young to third
Harvey Moore to second
Batting: LHB Pedro Ramos 0-0: Swinging Strike
0-1: Called Strike
0-2: Foul Ball, location: 2F
0-2: Ball
1-2: Fly out, F9 (Flyball, 89XD)
Runner from 3rd tags up, SCORES, no throw
Harvey Moore to third
Batting: RHB Roberto Rodríguez 0-0: Fly out, F7 (Flyball, 7LM)
Bottom of the 9th over - 1 run(s), 1 hit(s), 1 error(s), 2 left on base; Auburn 10 - UCLA 5
This league is powered by Out of the Park Baseball, the baseball management simulation game for PC, Mac and Linux
Saturday, April 9th, 2016 - OOTP Baseball 16.8 Build 38